 Dungeon Crawl Stone Soup version 0.31-a0-702-gf82c85558f (webtiles) character file.

Game seed: 12099529088717385191

1607 twolf1369 the Cleaver (level 8, 0/71 HPs)
             Began as a Minotaur Fighter on Sept 8, 2023.
             Was an Initiate of Gozag.
             Killed from afar by an electric eel (8 damage)
             ... with a bolt of electricity
             ... on level 6 of the Dungeon.
             The game lasted 00:05:40 (5426 turns).

twolf1369 the Cleaver (Minotaur Fighter)            Turns: 5426, Time: 00:05:41

Health: 0/71       AC: 10    Str: 24    XL:     8   Next: 63%
Magic:  7/7        EV:  9    Int:  5    God:    Gozag
Gold:   318        SH:  5    Dex:  9    Spells: 7/7 levels left

rFire   . . .        a - +0 war axe (flame)
rCold   . . .        c - +0 buckler
rNeg    . . .        b - +0 scale mail
rPois   .            (helmet restricted)
rElec   .            w - +0 cloak
rCorr   .            t - +0 pair of gloves
SInv    .            (no boots)
Will    .....        (no amulet) Stlth
                     (no ring)
HPRegen 0.31/turn    (no ring)
MPRegen 0.10/turn

%: no passive effects
@: studying Axes, very slow
A: horns 2, retaliatory headbutt
a: Renounce Religion, Potion Petition, Call Merchant, Bribe Branch


You were on level 6 of the Dungeon.
You worshipped Gozag.
Gozag was aware of your devotion.
You visited 2 branches of the dungeon, and saw 7 of its levels.

You collected 430 gold pieces.
You paid 112 gold pieces to Gozag.

Inventory:

Hand Weapons
 a - a +0 war axe of flaming (weapon)
Missiles
 o - 5 boomerangs (quivered)
Armour
 b - a +0 scale mail (worn)
 c - a +0 buckler (worn)
 t - a +0 pair of gloves (worn)
 w - a +0 cloak (worn)
Wands
 v - a wand of polymorph (19)
Scrolls
 g - a scroll of immolation
 i - a scroll of blinking
 j - 2 scrolls of teleportation
 x - a scroll of brand weapon
Potions
 d - a potion of might
 e - 3 potions of curing
 f - a potion of cancellation
 h - a potion of resistance
 k - 2 potions of brilliance
 m - 4 potions of heal wounds
 n - a potion of mutation
 p - a potion of ambrosia
 r - a potion of lignification
 s - a potion of haste {unknown}


   Skills:
 + Level 6.6 Fighting
 * Level 10.3 Axes
 + Level 3.5 Throwing
 + Level 6.5 Armour
 + Level 6.5 Shields


You had 7 spell levels left.
You didn't know any spells.
Your spell library contained the following spells:

 Spells                   Type           Power      Damage    Failure   Level
 Ensorcelled Hibernation  Hex/Ice        0%         N/A       91%         2
 Passwall                 Tmut/Erth      0%         N/A       91%         2
 Swiftness                Air            0%         N/A       99%         3


Dungeon Overview and Level Annotations

Branches:
Dungeon (6/15)             Temple (1/1) D:6

Altars:
Cheibriados
Dithmenos
Elyvilon
Fedhas
Gozag
Hepliaklqana
Kikubaaqudgha
Nemelex Xobeh
Okawaru
Qazlal
Ru
Sif Muna
Uskayaw
Vehumet
Xom
Zin

Shops:
D:6 [[(?:


Innate Abilities, Weirdness & Mutations

You have a pair of horns on your head.
You reflexively headbutt those who attack you in melee.


Message History

The jelly is severely wounded.
The jelly closely misses you. You furiously retaliate!
You headbutt the jelly. You hit the jelly. You burn the jelly.
You kill the jelly!
No target in view!
No target in view!
You now have 318 gold pieces (gained 5).
Found Daimotit's Antique Weapon Shoppe.
An electric eel comes into view.
The electric eel shoots out a bolt of lightning at you!
The bolt of electricity hits you!
There is an entrance to Ohiur's Magic Scroll Emporium here.
The electric eel shoots out a bolt of lightning at you!
The bolt of electricity hits you!
The electric eel shoots out a bolt of lightning at you!
The bolt of electricity hits you!
You are no longer corroded.
You enter the shallow water.
Moving in this stuff is going to be slow.
The electric eel shoots out a bolt of lightning at you!
The bolt of electricity hits you!
You are too injured to fight recklessly!
You are too injured to fight recklessly!
You are too injured to fight recklessly!
The electric eel shoots out a bolt of lightning at you!
The bolt of electricity hits you!
* * * LOW HITPOINT WARNING * * *
You are too injured to fight recklessly!
You are too injured to fight recklessly!
You are too injured to fight recklessly!
Your unstable footing causes you to fumble your attack.
The electric eel shoots out a bolt of lightning at you!
The bolt of electricity hits you!
* * * LOW HITPOINT WARNING * * *
Your unstable footing causes you to fumble your attack.
You miss the electric eel.
The electric eel shoots out a bolt of lightning at you!
The bolt of electricity hits you!
You die...
Your body crumbles into a pile of gold.

##...#....... ###. .#
#.#.##...###
###...##.####.#.
#.###.. #...#.........#
#.#.... #...........#
.....### #..8.8.8.8..#
#.#.## #..........# #..
#....~S~...# ##
#..⌠.~≈@.∩.#
#....~≈~...####..
#....~≈~........#
##.∩.~≈~.⌠.#.##.#
#...~≈~...#.##.#
#...~≈~.....##.#
#.⌠.~≈~.∩.####.#
#)..~≈~...# #.####
#...~≈~...####....#####


You could see an electric eel.

Vanquished Creatures
  Sigmund (D:2)
  Eustachio (D:4)
  2 water moccasins (D:6)
  An orc warrior (D:6)
  2 ogres (D:5)
  A centaur (D:6)
  A phantom (D:4)
  A scorpion (D:4)
  A howler monkey (D:5)
  2 hounds
  2 jellies
  2 iguanas
  2 sleepcaps (D:6)
  2 orc wizards
  Robin (D:3)
  8 gnolls
  8 adders
  A white imp (D:6)
  2 ufetubi
  2 worms (D:3)
  4 dart slugs
  20 orcs
  11 endoplasms
  2 giant cockroaches
  10 goblins
  12 hobgoblins
  6 jackals
  3 quokkas
  5 ball pythons
  3 bats (D:1)
  3 frilled lizards
  7 kobolds
  2 rats
131 creatures vanquished.

Vanquished Creatures (others)
  A human (D:6)
1 creature vanquished.

Grand Total: 132 creatures vanquished

Notes
Turn   | Place    | Note
-------+----------+-------------------------------------------
     0 | D:1      | twolf1369 the Minotaur Fighter began the quest for the Orb.
     0 | D:1      | Reached XP level 1. HP: 19/19 MP: 0/0
    72 | D:1      | Reached XP level 2. HP: 27/27 MP: 1/1
   125 | D:1      | Reached skill level 3 in Axes
   175 | D:1      | Reached XP level 3. HP: 28/33 MP: 2/2
   754 | D:2      | Found a shadowy altar of Dithmenos.
   764 | D:2      | Reached XP level 4. HP: 36/40 MP: 3/3
   772 | D:2      | Reached skill level 4 in Axes
   921 | D:2      | Noticed Sigmund
   931 | D:2      | Killed Sigmund
   932 | D:2      | Reached skill level 5 in Axes
   932 | D:2      | Reached XP level 5. HP: 36/47 MP: 4/4
  1350 | D:3      | Identified a scroll of acquirement
  1350 | D:3      | Acquired a manual of Axes
  1372 | D:3      | Reached XP level 6. HP: 46/55 MP: 5/5
  1426 | D:3      | Found a blossoming altar of Fedhas.
  1452 | D:3      | Noticed Robin
  1457 | D:3      | Killed Robin
  2053 | D:3      | Found a hazy altar of Hepliaklqana.
  2239 | D:3      | Reached skill level 5 in Fighting
  2417 | D:4      | Found a sparkling altar of Nemelex Xobeh.
  2447 | D:4      | Reached skill level 5 in Shields
  2459 | D:4      | Reached skill level 1 in Throwing
  2459 | D:4      | Reached skill level 5 in Armour
  2569 | D:4      | Found a shimmering blue altar of Sif Muna.
  2756 | D:4      | Found a snail-covered altar of Cheibriados.
  2921 | D:4      | Noticed Eustachio
  2923 | D:4      | Found an iron altar of Okawaru.
  2926 | D:4      | Found a radiant altar of Vehumet.
  2958 | D:4      | Killed Eustachio
  2959 | D:4      | Reached skill level 6 in Axes
  2959 | D:4      | Reached XP level 7. HP: 12/61 MP: 6/6
  3239 | D:4      | Reached skill level 7 in Axes
  3644 | D:5      | Entered Level 5 of the Dungeon
  3830 | D:5      | Reached skill level 8 in Axes
  4296 | D:5      | Reached XP level 8. HP: 70/70 MP: 7/7
  4889 | D:6      | Reached skill level 9 in Axes
  5045 | D:6      | Found a staircase to the Ecumenical Temple.
  5063 | Temple   | Entered the Ecumenical Temple
  5098 | Temple   | Became a worshipper of Gozag Ym Sagoz the Greedy
  5137 | D:6      | Found an ancient bone altar of Kikubaaqudgha.
  5157 | D:6      | Found a sacrificial altar of Ru.
  5355 | D:6      | Reached skill level 10 in Axes
  5383 | D:6      | Found Ohiur's Magic Scroll Emporium.
  5385 | D:6      | Found Getieg's Book Shoppe.
  5387 | D:6      | Found Ammehel's Antique Armour Shop.
  5389 | D:6      | Found Vygikoh's Armour Boutique.
  5416 | D:6      | Found Daimotit's Antique Weapon Shoppe.
  5426 | D:6      | Killed from afar by an electric eel

Illustrated notes

Levels and vault maps discovered:
D:1:      dpeg_arrival_arbitrary_b, layout_basic
D:2:      layout_loops_ring, basic_altar, minmay_pentomino_u4, uniq_sigmund
D:3:      layout_basic, mainiacjoe_overflow_small_starburst, lemuel_round_altar,
          nrook_mini_vaults, uniq_robin
D:4:      layout_layer_cave, okawaru_gym_becter, nicolae_sif_muna_condensation,
          mainiacjoe_overflow_paths, overflow_temple_1_default,
          nicolae_vehumet_radiance, uniq_eustachio
D:5:      layout_basic
D:6:      due_chaos_kobolds, layout_loops_ring,
          nicolae_ru_great_annihilating_truth, tgw_kikubaaqudgha,
          minmay_temple_entry_slanted, kennysheep_doodads,
          minmay_misc_feat_pillars, nicolae_shop_national_dungeon_mall
Temple:   hellmonk_temple_two_chambers

Skill      XL: |  1  2  3  4  5  6  7  8 |
---------------+-------------------------+-----
Axes           | 3 5 6 8 10 | 10.3
Armour         | 4 5 6 |  6.5
Fighting       | 4 5 6 |  6.6
Shields        | 4 5 6 |  6.5
Throwing       | 1 2 3 |  3.5

Action                     |  1- 3 |  4- 6 |  7- 9 || total
---------------------------+-------+-------+-------++-------
  Melee: War axe           |    59 |   120 |   125 ||   304
         Headbutt          |    10 |    16 |    18 ||    44
  Throw: Boomerang         |       |     4 |    14 ||    18
    Use: Scroll            |       |     6 |    11 ||    17
   Stab: Paralysed         |       |       |     1 ||     1
 Armour: Scale mail        |    40 |    85 |    85 ||   210
         Skin              |       |       |     3 ||     3
  Dodge: Dodged            |    35 |    43 |    41 ||   119
  Block: Buckler           |    20 |    25 |    24 ||    69

Table legend: (Time is in decaauts)
 A = Elapsed time spent in this place.
 B = Non-inter-level travel time spent in this place.
 C = Inter-level travel time spent in this place.
 D = Time resting spent in this place.
 E = Time spent auto-exploring this place.
 F = Levels seen in this place.
 G = Mean time per level.
                   A        B        C        D        E       F      G
               +--------+--------+--------+--------+--------+-----+--------+
         Total |   5497 |   5333 |    164 |      0 |   4364 |   7 |  785.3 |
       Dungeon |   5458 |   5294 |    164 |      0 |   4338 |   6 |  909.7 |
        Temple |     39 |     39 |      0 |      0 |     26 |   1 |   39.0 |
               +--------+--------+--------+--------+--------+-----+--------+

Top non-repeatable levels by time:
     D:4: 1255 daAuts
     D:3: 1069 daAuts
     D:5: 979 daAuts
     D:2: 827 daAuts
     D:6: 780 daAuts
     D:1: 546 daAuts
  Temple: 39 daAuts
